Map: Alcyone LE

Players

demzi - Winner!

  • Race: Zerg Zerg
  • League: Platinum
  • Spawn Location: 7:00

BlackChicken

  • Race: Protoss Protoss
  • League: Bronze
  • Spawn Location: 1:00

VOD

Have the link to the VOD?

Description

Time

  • Played on: March 24, 2024, 9:01 a.m.
  • Length: 11:33
Show
View Real Time Build Order
Export as new Build Order

demzi Zerg - Winner!

Build Orders: Hatch First 

Get SALT Encoding   

  12  0:00  Drone  
  13  0:12  Overlord  
  13  0:18  Drone  
  14  0:31  Drone x2  
  16  0:50  Hatchery  
  16  0:53  Drone  
  17  0:57  Drone  
  17  1:01  Drone  
  18  1:09  Extractor  
  17  1:16  Spawning Pool  
  16  1:20  Drone  
  16  1:22  Drone  
  18  1:32  Drone  
  19  1:44  Drone  
  20  1:54  Overlord  
  20  2:07  Queen x2  
  24  2:09  Zergling x4  
  24  2:12  Overlord  
  26  2:15  Drone  
  27  2:38  Hatchery  
  27  2:42  Drone x2  
  27  2:43  Drone  
  28  2:53  Drone x2  
  28  2:54  Drone  
  31  2:59  Drone x2  
  32  3:06  Zergling x2  
  33  3:20  Lair  
  33  3:23  Drone x2  
  33  3:24  Roach Warren  
  33  3:29  Drone x3  
  33  3:31  Drone  
  35  3:37  Drone x2  
  37  3:43  Queen  
  39  3:52  Evolution Chamber  
  39  3:54  Drone  
  39  3:55  Drone  
  40  3:56  Evolution Chamber  
  40  3:57  Drone  
  39  4:08  Drone x2  
  39  4:09  Drone, Extractor  
  41  4:14  Extractor, Drone  
  41  4:15  Drone x2  
  41  4:16  Drone x2, Extractor  
  44  4:23  Overlord  
  44  4:31  Overlord x2  
  44  4:32  Zerg Missile Weapons Level 1  
  44  4:38  Zerg Ground Armor Level 1  
  44  4:40  Glial Reconstitution  
  44  4:48  Drone x4  
  44  4:50  Drone  
  49  4:53  Overlord  
  51  5:00  Roach x2  
  51  5:02  Roach  
  51  5:06  Roach  
  51  5:07  Roach  
  59  5:15  Drone x5  
  59  5:18  Overlord  
  59  5:21  Overlord  
  64  5:24  Roach  
  64  5:26  Roach  
  68  5:29  Overlord  
  68  5:38  Zergling x2  
  69  5:46  Overlord  
  69  5:47  Drone x5  
  69  5:48  Drone  
  75  5:50  Extractor, Drone x2  
  75  5:51  Drone, Extractor  
  75  5:52  Drone x2  
  75  5:56  Overlord  
  78  6:07  Overseer  
  78  6:08  Overseer  
  78  6:10  Roach  
  78  6:11  Roach x7  
  92  6:15  Roach  
  96  6:27  Drone  
  96  6:29  Drone  
  96  6:30  Drone  
  99  6:41  Zerg Missile Weapons Level 2  
  99  6:43  Overlord x4, Hydralisk Den  
  99  6:45  Hatchery  
  97  6:47  Roach  
  97  6:48  Roach x2  
  103  6:57  Spore Crawler  
  103  7:01  Spore Crawler  
  101  7:03  Roach  
  101  7:04  Roach x6  
  107  7:12  Roach  
  107  7:13  Roach x4  
  108  7:26  Roach  
  108  7:27  Roach x6  
  114  7:39  Roach x3  
  120  7:51  Queen  
  120  7:54  Hatchery  
  120  7:55  Roach  
  120  7:56  Roach  
  120  7:57  Overlord  
  93  8:29  Drone x3  
  93  8:31  Extractor  
  93  8:32  Drone x3  
  93  8:33  Drone x3  
  95  8:34  Extractor  
  92  8:43  Roach x4  
  98  8:56  Queen  
  98  9:00  Roach x7  
  98  9:01  Roach  
  108  9:13  Roach x2  
  106  9:18  Queen x2  
  106  9:22  Muscular Augments  
  106  9:26  Roach  
  106  9:27  Roach x7  
  118  9:40  Hydralisk  
  118  9:41  Hydralisk x7  
  118  9:45  Overlord  
  133  9:54  Queen  
  133  9:57  Hydralisk x4  
  133  9:59  Overlord x2  
  143  10:08  Hydralisk  
  143  10:09  Hydralisk x3  
  147  10:17  Overlord x3  
  147  10:25  Roach  
  147  10:26  Roach x5, Grooved Spines  
  159  10:39  Pneumatized Carapace  
  159  10:43  Roach x5  
  159  10:44  Roach x3  
  175  10:53  Roach x3  
  181  11:04  Hydralisk  
  181  11:05  Hydralisk x4  
Show
View Real Time Build Order
Export as new Build Order

BlackChicken Protoss 

Build Orders: 1 Gate Expand, Blink Stalkers, Colossus Rush 

Get SALT Encoding   

  12  0:00  Probe  
  13  0:12  Probe  
  14  0:21  Pylon  
  14  0:24  Probe  
  15  0:39  Probe (Chrono Boost)  
  15  0:40  Gateway  
  16  0:51  Probe (Chrono Boost)  
  16  0:52  Assimilator  
  17  1:00  Probe (Chrono Boost)  
  18  1:05  Probe  
  19  1:18  Probe  
  20  1:30  Cybernetics Core, Probe  
  21  1:40  Nexus  
  21  1:42  Probe  
  22  1:50  Pylon  
  22  1:55  Assimilator  
  22  1:57  Probe  
  23  2:07  Adept (Chrono Boost)  
  23  2:11  Warp Gate (Chrono Boost)  
  23  2:12  Probe  
  26  2:24  Probe  
  27  2:30  Stalker  
  27  2:35  Robotics Facility  
  27  2:36  Probe  
  30  2:48  Probe  
  30  2:50  Gateway  
  31  2:53  Probe  
  32  3:00  Probe  
  33  3:06  Probe  
  33  3:12  Twilight Council, Probe  
  35  3:17  Assimilator  
  35  3:18  Probe  
  36  3:32  Immortal (Chrono Boost)  
  36  3:33  Probe  
  35  3:37  Probe  
  40  3:45  Blink (Chrono Boost), Probe  
  41  3:49  Pylon  
  41  3:53  Probe  
  42  3:58  Stalker x2  
  46  4:17  Robotics Bay  
  46  4:21  Probe  
  47  4:29  Nexus  
  47  4:31  Pylon  
  47  4:33  Probe  
  47  4:34  Probe  
  47  4:37  Assimilator  
  49  4:41  Stalker  
  49  4:45  Stalker, Probe  
  54  4:51  Probe  
  55  4:57  Probe  
  56  5:03  Probe  
  56  5:06  Stalker  
  58  5:11  Stalker  
  58  5:14  Probe  
  61  5:15  Probe  
  61  5:19  Pylon  
  62  5:27  Pylon  
  62  5:32  Stargate  
  62  5:34  Colossus (Chrono Boost)  
  62  5:37  Probe x2  
  62  5:42  Stalker x2  
  74  5:48  Extended Thermal Lance (Chrono Boost)  
  74  5:57  Probe  
  74  5:58  Probe x2  
  74  6:03  Pylon  
  74  6:04  Gateway  
  77  6:06  Stalker x2  
  77  6:08  Charge (Chrono Boost)  
  77  6:09  Probe  
  82  6:20  Probe x2  
  82  6:21  Probe  
  82  6:25  Observer  
  86  6:32  Probe x2  
  88  6:33  Probe  
  88  6:37  Forge x2  
  89  6:40  Fleet Beacon  
  89  6:44  Probe x2  
  91  6:51  Stalker  
  91  6:52  Stalker  
  95  6:55  Probe  
  95  6:56  Probe  
  95  6:57  Probe  
  94  7:16  Immortal  
  82  7:37  Stalker  
  82  7:47  Robotics Facility  
  82  7:50  Pylon  
  82  7:51  Gateway  
  82  7:54  Probe x3  
  85  8:00  Assimilator  
  85  8:01  Stalker x3  
  85  8:02  Nexus  
  85  8:05  Pylon  
  91  8:06  Pylon  
  74  8:30  Stalker x2  
  65  8:44  Pylon  
  65  8:47  Stalker  
  58  8:53  Void Ray (Chrono Boost)  
  59  8:57  Stalker x2  
  56  9:18  Immortal (Chrono Boost)  
  59  9:24  Stalker  
  59  9:25  Stalker  
  67  9:32  Void Ray (Chrono Boost)  
  67  9:42  Probe x2  
  67  9:43  Probe  
  70  9:51  Pylon  
  70  9:52  Pylon  
  70  9:53  Pylon  
  70  9:54  Probe  
  70  9:55  Probe x2  
  70  9:56  Immortal  
  73  10:03  Stalker x2  
  67  10:13  Probe (Chrono Boost)  
  70  10:18  Probe (Chrono Boost)  
  70  10:19  Probe (Chrono Boost)  
  70  10:24  Probe (Chrono Boost)  
  70  10:27  Probe x2 (Chrono Boost)  
  70  10:28  Probe (Chrono Boost)  
  74  10:30  Probe  
  74  10:32  Colossus (Chrono Boost), Stalker x2  
  74  10:33  Stalker  
  80  10:56  Stalker x2  
  80  10:57  Stalker  
  86  10:59  Probe x2  
Tags
 
Add a new tag
Caveats
  • Supply blocks, unpowered buildings, or Contaminate may cause inaccurate times.
  • Supply counts are checked every 10 seconds.